 Dungeon Crawl Stone Soup version 0.30-a0-630-g881e3bac89 (webtiles) character file.

Game seed: 18216695917962881623

111 Dartaoz the Caller (level 4, -2/24 HPs)
             Began as a Tengu Summoner on Jan 13, 2023.
             Slain by Crazy Yiuf
             ... wielding a +4 quarterstaff of chaos
              (7 damage)
             ... on level 3 of the Dungeon.
             The game lasted 00:10:28 (3448 turns).

Dartaoz the Caller (Tengu Summoner)                 Turns: 3448, Time: 00:10:29

Health: -2/24      AC:  2    Str:  9    XL:     4   Next: 92%
Magic:  3/8        EV: 12    Int: 17    God:
Gold:   153        SH:  0    Dex: 14    Spells: 1/7 levels left

rFire   . . .      SeeInvis .    i - +0 spear
rCold   . . .      Faith    .    (no shield)
rNeg    . . .      Spirit   .    a - +0 robe
rPois   .          Reflect  .    (helmet restricted)
rElec   .          Harm     .    (no cloak)
rCorr   .          Rampage  .    (no gloves)
Will    .....                    (boots unavailable)
Stlth   ++                       (no amulet)
HPRegen 0.24/turn                (no ring)
MPRegen 0.11/turn                (no ring)

@: no status effects
A: beak, talons 3
a: no special abilities


You were on level 3 of the Dungeon.
You visited 1 branch of the dungeon, and saw 3 of its levels.

You collected 153 gold pieces.

Inventory:

Hand Weapons
 i - a +0 spear (weapon)
Armour
 a - a +0 robe (worn)
Scrolls
 c - 2 scrolls of poison {unknown}
 d - 2 scrolls of silence {unknown}
 e - 3 scrolls of vulnerability {unknown}
 f - a scroll of enchant weapon {unknown}
 g - a scroll of enchant armour {unknown}
 h - 3 scrolls of teleportation {unknown}
 k - a scroll of blinking {unknown}
 l - a scroll of fear {unknown}
 p - a scroll of immolation {unknown}
Potions
 j - a potion of heal wounds {unknown}
 m - 2 potions of might {unknown}
 n - a potion of curing {unknown}
 o - a potion of attraction {unknown}


   Skills:
 - Level 2.1 Dodging
 - Level 2.0 Stealth
 - Level 2.0 Spellcasting
 + Level 7.3 Summonings


You had one spell level left.
You knew the following spells:

 Your Spells              Type           Power      Damage    Failure   Level
a - Summon Small Mammal   Summ           100%       N/A       1%          1
b - Call Imp              Summ           26%        N/A       1%          2
c - Call Canine Familiar  Summ           26%        N/A       2%          3

Your spell library contained the following spells:

 Spells                   Type           Power      Damage    Failure   Level
 Slow                     Hex            4%         N/A       19%         1
 Summon Guardian Golem    Hex/Summ       14%        N/A       13%         3
 Summon Lightning Spire   Summ/Air       14%        N/A       38%         4
 Confusing Touch          Hex            1%         N/A       50%         3
 Vampiric Draining        Necr           1%         2d6       50%         3
 Manifold Assault         Tloc           1%         N/A       88%         4
 Dispersal                Tloc           0%         N/A       100%        6
 Disjunction              Tloc           0%         N/A       100%        8


Dungeon Overview and Level Annotations

Branches:
Dungeon (3/15)

Altars:

Annotations:
D:3 Crazy Yiuf


Innate Abilities, Weirdness & Mutations

You have a beak for a mouth.
You have claws for feet.


Message History

Your hound bites Crazy Yiuf but does no damage.
Your hound bites Crazy Yiuf but does no damage.
Crazy Yiuf hits your hound with a +4 quarterstaff of chaos!
Your hound dies!
Your hound's corpse disappears in a puff of smoke!
Crazy Yiuf closely misses your quokka.
Your quokka bites Crazy Yiuf.
Crazy Yiuf hits your quokka with a +4 quarterstaff of chaos!
Your quokka dies!
Your quokka's corpse disappears in a puff of smoke!
You swap places.
Crazy Yiuf says, "Ten!
Rifle shoe bush."
Crazy Yiuf hits your quokka with a +4 quarterstaff of chaos!
Your quokka dies!
Your quokka's corpse disappears in a puff of smoke!
Casting: Summon Small Mammal (safe; 1% risk of failure)
Confirm with . or Enter, or press ? or * to list all spells.
Your quokka bites Crazy Yiuf.
Crazy Yiuf hits your quokka with a +4 quarterstaff of chaos!
Crazy Yiuf burns your quokka.
Your quokka dies!
Your quokka's corpse disappears in a puff of smoke!
Crazy Yiuf says, "Crazy?
Crazy!?
PORCUPINE!"
Magic courses through your body.
Casting: Summon Small Mammal (safe; 1% risk of failure)
Confirm with . or Enter, or press ? or * to list all spells.
You don't know that spell.
Casting: Summon Small Mammal (safe; 1% risk of failure)
Confirm with . or Enter, or press ? or * to list all spells.
Crazy Yiuf hits you with a +4 quarterstaff of chaos!
Ouch! That really hurt!
Crazy Yiuf freezes you.
* * * LOW HITPOINT WARNING * * *
Casting: Call Canine Familiar (dangerous; 2% risk of failure)
Confirm with . or Enter, or press ? or * to list all spells.
A shadowy apparition takes form in the air.
Crazy Yiuf barely misses you. Crazy Yiuf attacks as you move away!
Crazy Yiuf hits you with a +4 quarterstaff of chaos!
You die...

#.........#####.######.#
####..##.#...#............#
#>....##........#.)#.######
..#..........#.#######
#.....#..#.....#
###.........##.####### #
#........##......#.### ###
#
#..#.#.#.##)..h...#§g##...#
#
#..#.#.#.##...@g5####.'...#
###........###....##
###..)# .###.#(##### ######
### ..##.#.# ..'..#.#
..####.# .## ##.##
#####..^# # #...#.#


You could see Crazy Yiuf (ally target), a friendly hound (summoned) and a
friendly shadow imp (summoned).

Vanquished Creatures
  An adder (D:3)
  A dart slug (D:2)
  A bat (D:1)
  A giant cockroach (D:2)
  A quokka (D:1)
5 creatures vanquished.

Vanquished Creatures (collateral kills)
  A gnoll (D:1)
  4 adders
  A worm (D:2)
  A dart slug (D:1)
  4 endoplasms
  5 giant cockroaches
  4 goblins
  3 hobgoblins (D:1)
  2 jackals (D:1)
  3 quokkas
  4 ball pythons
  3 bats
  2 frilled lizards
  3 kobolds
  6 rats
46 creatures vanquished.

Grand Total: 51 creatures vanquished

Notes
Turn   | Place    | Note
-------+----------+-------------------------------------------
     0 | D:1      | Dartaoz the Tengu Summoner began the quest for the Orb.
     0 | D:1      | Reached XP level 1. HP: 10/10 MP: 4/4
   140 | D:1      | Reached skill level 5 in Summonings
   175 | D:1      | Reached XP level 2. HP: 14/15 MP: 3/6
   201 | D:1      | Learned a level 2 spell: Call Imp
   843 | D:1      | Reached skill level 6 in Summonings
   843 | D:1      | Reached XP level 3. HP: 19/19 MP: 3/7
  1568 | D:2      | Learned a level 3 spell: Call Canine Familiar
  2180 | D:2      | Reached XP level 4. HP: 24/24 MP: 2/8
  2534 | D:3      | Reached skill level 7 in Summonings
  3013 | D:3      | Found a runed translucent door.
  3014 | D:3      | Noticed Crazy Yiuf
  3448 | D:3      | Slain by Crazy Yiuf

Illustrated notes

Levels and vault maps discovered:
D:1:      minmay_arrival_jagged, layout_basic
D:2:      layout_rooms
D:3:      layout_loops_cross, dk_noncrumbling_3, chequers_mini_garden,
          uniq_crazy_yiuf_cottage

Skill      XL: |  1  2  3  4 |
---------------+-------------+-----
Summonings     | 5 6 7 |  7.3
Dodging        | |  2.1
Stealth        | |  2.0
Spellcasting   | |  2.0

Action                   |  1- 3 |  4- 6 || total
-------------------------+-------+-------++-------
Melee: Unarmed           |     9 |       ||     9
       Peck              |     3 |       ||     3
       Kick              |     3 |       ||     3
       Spear             |     4 |     1 ||     5
 Cast: Summon Small Mamm |    52 |    27 ||    79
       Call Imp          |    16 |     9 ||    25
       Call Canine Famil |     3 |     6 ||     9
  Use: Potion            |       |     1 ||     1
 Stab: Distracted        |       |     1 ||     1
Armor: Robe              |     2 |       ||     2
Dodge: Dodged            |    30 |     5 ||    35

Table legend: (Time is in decaauts)
 A = Elapsed time spent in this place.
 B = Non-inter-level travel time spent in this place.
 C = Inter-level travel time spent in this place.
 D = Time resting spent in this place.
 E = Time spent auto-exploring this place.
 F = Levels seen in this place.
 G = Mean time per level.
                   A        B        C        D        E       F      G
               +--------+--------+--------+--------+--------+-----+--------+
         Total |   3447 |   3326 |    121 |      0 |   2844 |   3 | 1149.0 |
       Dungeon |   3447 |   3326 |    121 |      0 |   2844 |   3 | 1149.0 |
               +--------+--------+--------+--------+--------+-----+--------+

Top non-repeatable levels by time:
     D:1: 1555 daAuts
     D:3: 1116 daAuts
     D:2: 775 daAuts
